 Dungeon Crawl Stone Soup version 0.27-a0-1273-gec92ba881d (webtiles) character file.

Game seed: 17770499470705376103

197 Tef the Insei (level 5, -4/40 HPs)
             Began as a Draconian Transmuter on June 12, 2021.
             Slain by a wyvern (7 damage)
             ... on level 3 of the Dungeon.
             The game lasted 00:14:40 (3431 turns).

Tef the Insei (Draconian Transmuter)                Turns: 3431, Time: 00:14:41

Health: -4/40      AC:  8    Str: 15 (18) XL:     5   Next: 46%
Magic:  8/8        EV: 12    Int: 14      God:
Gold:   160        SH:  0    Dex: 10 (12) Spells: 7/8 levels left

rFire    . . .     SeeInvis .     - Unarmed
rCold    . . .     Faith    .   (no shield)
rNeg     . . .     Spirit   .   (armour unavailable)
rPois    .         Reflect  .   j - +2 hat
rElec    .         Harm     .   (no cloak)
rCorr    .         Rampage  .   k - +0 pair of gloves
Will     .....                  (no boots)
Stlth    +.........             (no amulet)
HPRegen  0.13/turn              b - +6 ring of strength
MPRegen  0.11/turn              (no ring)

@: no status effects
A: AC +5, unfitting armour, cold-blooded
a: no special abilities


You were on level 3 of the Dungeon.
You visited 1 branch of the dungeon, and saw 4 of its levels.

You collected 160 gold pieces.

Inventory:

Hand Weapons
 c - the +6 hand axe "Cishrus Puse" {distort, rF+ Will+}
   (You took it off an orc wizard on level 4 of the Dungeon)

   It warps and distorts space around it.
   Unwielding it can cause banishment or high damage.
   It protects you from fire.
   It increases your willpower.
 i - a +2 dagger of electrocution
Missiles
 m - 8 poisoned darts
Armour
 j - a +2 hat (worn)
 k - a +0 pair of gloves (worn)
Jewellery
 b - a +6 ring of strength (left hand)
Scrolls
 a - a scroll of noise
 d - a scroll of magic mapping {unknown}
 h - a scroll of brand weapon {unknown}
Potions
 g - a potion of magic


   Skills:
 - Level 1.1 Fighting
 + Level 3.3 Dodging
 + Level 4.3 Unarmed Combat
 - Level 2.0 Spellcasting
 + Level 3.6 Transmutations


You had 7 spell levels left.
You knew the following spells:

 Your Spells              Type           Power      Damage    Failure   Level
a - Beastly Appendage     Tmut           22%        N/A       5%          1

Your spell library contained the following spells:

 Spells                   Type           Power      Damage    Failure   Level
 Wereblood                Tmut           11%        N/A       8%          2
 Spider Form              Tmut/Pois      3%         N/A       32%         3
 Ice Form                 Ice/Tmut       6%         N/A       73%         4


Dungeon Overview and Level Annotations

Branches:
Dungeon (4/15)
 Temple: D:4-7

Altars:
Yredelemnul
Zin


Innate Abilities, Weirdness & Mutations

Your plain brown scales are hard. (AC +5)
You cannot fit into any form of body armour.
You are cold-blooded and may be slowed by cold attacks.


Message History

The orc wizard mumbles some strange words.
The orc wizard flickers and vanishes!
Deactivating autopickup; reactivate with Ctrl-A.
You hear a shout!
Your horns disappear.
Your talons disappear.
Your +2 hat unmelds from your body.
You hear some strange, mumbled words.
Something tries to affect you, but you resist.
As you open the door, it creaks loudly!
Cornered, the adder turns to fight!
There is an open door here.
You close the door.
Found a scroll labelled CUICWUMOUZE.
You see here a scroll labelled CUICWUMOUZE.
You see here a scroll labelled CUICWUMOUZE.
e - a scroll labelled CUICWUMOUZE A magic dart appears from out of thin air!
The magic dart hits you.
A magic dart appears from out of thin air!
The magic dart hits you.
* * * LOW HITPOINT WARNING * * *
A wyvern comes into view.
The wyvern hisses angrily.
The wyvern bites you but does no damage.
There is a stone staircase leading up here.
The wyvern barely misses you.
You climb upwards.
Reactivating autopickup.
A ball python comes into view.
The ball python hisses angrily.
The orc priest mumbles some strange prayers to Beogh against you.
Beogh smites you!
* * * LOW HITPOINT WARNING * * *
There is a stone staircase leading down here.
Okay, then.
Okay, then.
As you read the scroll labelled CUICWUMOUZE, it crumbles to dust.
Wisps of shadow whirl around you...
It was a scroll of summoning.
The wyvern bites you!
You die...

#.....#.....#
#.....#.....######
...#####..........#
## ####.#####.#
#.########o#
....g.....#
###.g.[..###
..####......'..
.....'.@K...###
.....#.lg.....# .S.
#.b#.##..# .
#..#...).# #
#..#####.#.#
........<..#
###..######## ....
.###


You could see a wyvern (ally target), an orc priest, a ball python, 3 friendly
gnolls, a friendly bat (summoned) and a friendly kobold (summoned).

Vanquished Creatures
  A centaur skeleton (D:4)
  2 orc wizards
  A hound skeleton (D:4)
  4 adders
  An adder skeleton (D:4)
  A worm (D:4)
  A dart slug (D:2)
  5 orcs (D:3)
  3 ball pythons
  5 endoplasms
  7 giant cockroaches
  5 goblins
  5 hobgoblins
  4 quokkas
  4 bats
  2 frilled lizards
  3 kobolds
  4 rats
58 creatures vanquished.

Notes
Turn   | Place    | Note
-------+----------+-------------------------------------------
     0 | D:1      | Tef the Draconian Transmuter began the quest for the Orb.
     0 | D:1      | Reached XP level 1. HP: 16/16 MP: 3/3
   278 | D:1      | Reached XP level 2. HP: 19/23 MP: 5/5
   836 | D:2      | Reached XP level 3. HP: 10/28 MP: 4/6
  1913 | D:1      | Reached XP level 4. HP: 35/35 MP: 7/7
  2123 | D:3      | HP: 1/35 [frozen (4)]
  2510 | D:3      | Reached skill level 4 in Unarmed Combat
  2624 | D:3      | Found a faded altar of an unknown god.
  2683 | D:4      | Reached XP level 5. HP: 16/40 MP: 6/8
  2873 | D:4      | Found a basalt altar of Yredelemnul.
  2894 | D:4      | Found a glowing silver altar of Zin.
  2901 | D:4      | Identified the +6 hand axe "Cishrus Puse" {distort, rF+
                  | Will+}
  3425 | D:4      | Noticed a wyvern
  3430 | D:3      | HP: 2/40 [orc priest/divine providence (11)]
  3431 | D:3      | Slain by a wyvern

Illustrated notes

Levels and vault maps discovered:
D:1:      evilmike_arrival_hilbert_curve, layout_basic,
          chequers_serial_rivers_room_b
D:2:      layout_rooms, minmay_vboxes
D:3:      layout_basic, kennysheep_vampire_church, serial_glass,
          glass_columns_b, glass_columns_b, chequers_ecumenical_altar_twisty,
          minmay_quantized
D:4:      layout_basic, old_standard_altar, vehumet_altar_wand_db,
          overflow_temple_1_default, minmay_misc_feat_alley, sigmund_army

Skill      XL: |  1  2  3  4 |
---------------+-------------+-----
Dodging        | 2 3 |  3.3
Transmutations | 3 |  3.6
Unarmed Combat | 4 |  4.3
Fighting       | |  1.1
Spellcasting   | |  2.0

Action                   |  1- 3 |  4- 6 || total
-------------------------+-------+-------++-------
Melee: Unarmed           |   136 |   106 ||   242
       Tailslap          |    14 |     9 ||    23
       Kick              |    13 |    16 ||    29
       Headbutt          |     6 |    12 ||    18
       Punch             |     2 |     1 ||     3
 Cast: Beastly Appendage |     6 |     9 ||    15
  Use: Potion            |     1 |     3 ||     4
       Scroll            |     1 |    12 ||    13
Armor: Skin              |    50 |    48 ||    98
Dodge: Dodged            |    93 |    77 ||   170

Table legend: (Time is in decaauts)
 A = Elapsed time spent in this place.
 B = Non-inter-level travel time spent in this place.
 C = Inter-level travel time spent in this place.
 D = Time resting spent in this place.
 E = Time spent auto-exploring this place.
 F = Levels seen in this place.
 G = Mean time per level.
                   A        B        C        D        E       F      G
               +--------+--------+--------+--------+--------+-----+--------+
         Total |   3419 |   3347 |     72 |    917 |   1637 |   4 |  854.8 |
       Dungeon |   3419 |   3347 |     72 |    917 |   1637 |   4 |  854.8 |
               +--------+--------+--------+--------+--------+-----+--------+

Top non-repeatable levels by time:
     D:1: 990 daAuts
     D:2: 958 daAuts
     D:4: 853 daAuts
     D:3: 616 daAuts
